 Dungeon Crawl Stone Soup version 0.17.1-3-g152610e (webtiles) character file.

59 juanjsm the Sneak (level 3, 0/16 HPs)
             Began as a Spriggan Enchanter on Apr 8, 2016.
             Slain by Sigmund
             ... wielding a cursed -1 scythe
              (11 damage)
             ... on level 4 of the Dungeon.
             The game lasted 00:06:14 (1497 turns).

juanjsm the Sneak (Spriggan Enchanter)              Turns: 1497, Time: 00:06:14

Health: 0/16       AC:  3    Str:  4    XL:     3   Next: 78%
Magic:  0/8        EV: 14    Int: 17    God:
Gold:   97         SH:  0    Dex: 16    Spells: 3 memorised, 2 levels left

rFire  . . .     SeeInvis +     g - +1 dagger (holy)
rCold  . . .     Clarity  .     b - +1 robe
rNeg   . . .     SustAt   .     (shield restricted)
rPois  .         Gourm    .     (helmet restricted)
rElec  .         Spirit   .     (no cloak)
rCorr  .         Warding  .     (gloves unavailable)
rMut   .         Rnd*Tele +     (boots unavailable)
MR     .....                    f - amulet of inaccuracy (curse)
Stlth  ++++......               p - ring of teleportation (curse)
                                h - ring of stealth

@: very slightly contaminated, very quick, not resistant to hostile
enchantments, stealthy
A: unfitting armour, see invisible, herbivore 3, speed 3, slow metabolism 2
a: Evoke Teleportation


You were on level 4 of the Dungeon.
You were not hungry.

You visited 1 branch of the dungeon, and saw 4 of its levels.

You collected 97 gold pieces.

Inventory:

Hand Weapons
 a - a +1 dagger
 g - a +1 dagger of holy wrath (weapon)
Armour
 b - a +1 robe (worn)
Jewellery
 f - a cursed amulet of inaccuracy (around neck)
 h - a ring of stealth (left hand)
 m - an uncursed ring of ice
 p - a cursed ring of teleportation (right hand)
Scrolls
 i - a scroll of remove curse {unknown}
 l - a scroll of noise {unknown}
 o - a scroll of enchant weapon {unknown}
Potions
 e - a potion of heal wounds
 j - a potion of cancellation
 k - a potion of lignification {unknown}
 n - 2 potions of flight
Books
 c - a book of Maledictions

   Spells                             Type                      Level
   a - Corona                         Hexes                        1
   b - Ensorcelled Hibernation        Hexes/Ice                    2
   c - Confuse                        Hexes                        3
   d - Tukima's Dance                 Hexes                        3
   e - Dazzling Spray                 Conjuration/Hexes            3
Comestibles
 d - 2 bread rations


   Skills:
 + Level 0.1 Fighting
 + Level 1.4 Short Blades
 + Level 3.7 Dodging
 + Level 5.3 Stealth
 + Level 3.2 Spellcasting
 + Level 4.1 Hexes
 + Level 0.4 Ice Magic


You had 2 spell levels left.
You knew the following spells:

 Your Spells              Type           Power        Failure   Level  Hunger
a - Corona                Hex            ###....      3%          1    None
b - Ensorcelled Hibernat  Hex/Ice        ##....       12%         2    ##.....
c - Confuse               Hex            ###.....     12%         3    ###....


Dungeon Overview and Level Annotations

Branches:
Dungeon (4/15)
 Temple: D:4-7

Altars:
Okawaru

Annotations:
D:3 Ijyb; Shenda's ghost, amateur HuFi
D:4 Sigmund


Innate Abilities, Weirdness & Mutations

You are tiny and cannot use many weapons and most armour.
You have supernaturally acute eyesight.
You are a herbivore.
You cover ground extremely quickly.
You need consume almost no food.


Message History

You are very lightly contaminated with residual magic.
You hear an indistinct dissonance whispering inside your mind.
Sigmund flickers, as though insubstantial.
Sigmund barely misses you.
Casting: Confuse
Confirm with . or Enter, or press ? or * to list all spells.
Aiming: Confuse
Press: ? - help, Shift-Dir - straight line, f/p - Sigmund
Aim: Sigmund, wielding a scythe and wearing a robe (lightly wounded, slightly transparent, chance to defeat MR: 55%) Sigmund resists with significant effort.
Sigmund misses you.
Casting: Confuse
Confirm with . or Enter, or press ? or * to list all spells.
You don't have enough magic to cast that spell.
Unknown command.
You climb downwards.
There is a stone staircase leading up here.
Sigmund hits you with a scythe!
Ouch! That really hurt!
You die...

#+# #.#
###.# ...##
##...##
#...@.#####
#.@.......
##..######
...# ....#
######


You could see Sigmund (invisible).

Vanquished Creatures
  2 adders (D:2)
  A worm (D:2)
  A giant gecko (D:1)
  6 bats
  A giant cockroach (D:1)
  3 hobgoblins
  3 jackals
  7 kobolds
  3 giant newts
  7 goblins
  2 quokkas
  3 rats
39 creatures vanquished.

Notes
Turn   | Place    | Note
--------------------------------------------------------------
     0 | D:1      | juanjsm the Spriggan Enchanter began the quest for the Orb.
     0 | D:1      | Reached XP level 1. HP: 9/9 MP: 5/5
   161 | D:1      | Reached XP level 2. HP: 11/13 MP: 6/6
   166 | D:1      | Learned a level 2 spell: Ensorcelled Hibernation
   230 | D:1      | Reached skill level 5 in Stealth
   479 | D:2      | Found an iron altar of Okawaru.
   598 | D:2      | Reached XP level 3. HP: 16/16 MP: 8/8
  1052 | D:2      | Learned a level 3 spell: Confuse
  1148 | D:3      | Noticed Shenda's ghost (amateur HuFi)
  1389 | D:3      | Noticed Ijyb
  1487 | D:3      | Noticed Sigmund
  1497 | D:4      | Slain by Sigmund

Action                   || total
-------------------------++-------
Melee: Dagger            ||    80
 Cast: Corona            ||     7
       Ensorcelled Hiber ||    13
       Confuse           ||     1
  Use: Scroll            ||     3
 Stab: Sleeping          ||    29
       Distracted        ||     1
